 Dungeon Crawl Stone Soup version 0.24.0-123-gd5b16e6ec5 (webtiles) character file.

Game seed: 17066532377214210276, levelgen mode: deterministic

103 FishyPogo the Magician (level 4, -1/25 HPs)
             Began as a Deep Elf Wizard on Jan 5, 2020.
             Killed from afar by Blork the orc (6 damage)
             ... with a magic dart
             ... on level 4 of the Dungeon.
             The game lasted 00:08:48 (2851 turns).

FishyPogo the Magician (Deep Elf Wizard)            Turns: 2851, Time: 00:08:49

Health: -1/25      AC:  3    Str:  4    XL:     4   Next: 51%
Magic:  2/12       EV: 13    Int: 24    God:
Gold:   147        SH:  0    Dex: 13    Spells: 2/11 levels left

rFire    . . .     SeeInvis .   t - +0 dagger (venom)
rCold    . . .     Gourm    .   (no shield)
rNeg     . . .     Faith    .   a - +0 robe
rPois    .         Spirit   .   b - +1 hat
rElec    .         Reflect  .   (no cloak)
rCorr    .         Harm     .   (no gloves)
MR       .....                  (no boots)
Stlth    ++........             (no amulet)
HPRegen  0.08/turn              (no ring)
MPRegen  0.13/turn              (no ring)

@: no status effects
A: no striking features
a: no special abilities


You were on level 4 of the Dungeon.
You were not hungry.

You visited 1 branch of the dungeon, and saw 4 of its levels.

You collected 147 gold pieces.

Inventory:

Hand Weapons
 j - a +0 club
 t - a +0 dagger of venom (weapon)
Missiles
 e - 55 stones (quivered)
 n - 5 javelins
Armour
 a - a +0 robe (worn)
 b - a +1 hat (worn)
Jewellery
 f - an uncursed amulet of regeneration {unknown}
Scrolls
 i - 8 scrolls of identify
 k - 5 scrolls of remove curse
 q - a scroll of enchant armour
Potions
 c - a potion of heal wounds
 g - a potion of mutation
 h - a potion of berserk rage {unknown}
 l - a potion of brilliance {unknown}
 m - 3 potions of curing {unknown}
 o - a potion of cancellation {unknown}
 r - a potion of experience {unknown}
 s - a potion of degeneration {unknown}
 u - a potion of flight {unknown}
Comestibles
 d - 4 rations
 p - 3 chunks of flesh


   Skills:
 + Level 1.6 Fighting
 + Level 0.6 Short Blades
 + Level 3.6 Dodging
 + Level 3.8 Stealth
 - Level 4.4 Spellcasting
 - Level 2.0 Conjurations
 - Level 1.1 Summonings
   Level 1.1 Translocations


You had 2 spell levels left.
You knew the following spells:

 Your Spells              Type           Power        Failure   Level  Hunger
a - Magic Dart            Conj           ##..         4%          1    None
c - Mephitic Cloud        Conj/Pois/Air  #.......     22%         3    ##.....
j - Conjure Flame         Conj/Fire      ##......     19%         3    ##.....
n - Call Imp              Summ           ##......     9%          2    None

Your spell library contained the following spells:

 Spells                   Type           Power        Failure   Level  Hunger
 Blink                    Tloc           N/A          9%          2    None
 Slow                     Hex            #.......     14%         2    None


Dungeon Overview and Level Annotations

Branches:
Dungeon (4/15)
 Temple: D:4-7

Altars:
Nemelex Xobeh
Yredelemnul

Annotations:
D:3 2 exclusions, Grinder, Jessica
D:4 Blork the orc, Dowan, Duvessa, Edmund


Message History

Your shadow imp hits Blork the orc.
You barely miss Blork the orc.
Blork the orc is severely wounded.
Blork the orc hits you but does no damage.
You closely miss Blork the orc.
Blork the orc is severely wounded.
Your shadow imp hits Blork the orc but does no damage.
Blork the orc casts a spell at you. The magic dart hits you!
Unknown command.
Your shadow imp hits Blork the orc.
Blork the orc hits you with a +0 scimitar!
* * * LOW HITPOINT WARNING * * *
Your shadow imp barely misses Blork the orc.
Blork the orc mumbles some strange words.
Blork the orc flickers and vanishes!
Deactivating autopickup; reactivate with Ctrl-A.
A magic dart appears from out of thin air!
The magic dart hits you.
You die...

.. ##.# ...###
#....# #....#
#....# #....# ..
#.@# .# #..# ....#
.# #.###..######
....###
.#.#......{....#
.......
.#.#####.#5###.#
...5... ...
#.#..##.# .....
##.#+##S#
#.....#.# ...
......<.#
####..#5###'###...
.....e@.#
###.#.รท...o.....


You could see a friendly shadow imp.

Vanquished Creatures
  3 adders
  An ooze (D:1)
  2 dart slugs (D:1)
  A leopard gecko (D:2)
  An orc (D:4)
  A ball python (D:1)
  4 giant cockroaches
  3 goblins
  7 hobgoblins
  A jackal (D:3)
  5 kobolds
  A quokka (D:3)
  6 bats
  2 frilled lizards (D:1)
  6 rats
44 creatures vanquished.

Vanquished Creatures (collateral kills)
  3 adders (D:3)
  An orc (D:3)
  2 hobgoblins (D:3)
  A jackal (D:3)
  A quokka (D:4)
  A frilled lizard (D:3)
  A kobold (D:3)
  A rat (D:3)
11 creatures vanquished.

Grand Total: 55 creatures vanquished

Notes
Turn   | Place    | Note
-------+----------+-------------------------------------------
     0 | D:1      | FishyPogo the Deep Elf Wizard began the quest for the Orb.
     0 | D:1      | Reached XP level 1. HP: 10/10 MP: 7/7
   188 | D:1      | Reached XP level 2. HP: 16/16 MP: 7/9
   192 | D:1      | Learned a level 2 spell: Call Imp
   896 | D:1      | Reached skill level 1 in Fighting
   896 | D:1      | Reached XP level 3. HP: 20/20 MP: 5/10
  1437 | D:2      | Learned a level 3 spell: Mephitic Cloud
  1441 | D:2      | Learned a level 3 spell: Conjure Flame
  1905 | D:3      | Found a sparkling altar of Nemelex Xobeh.
  1941 | D:3      | Found a basalt altar of Yredelemnul.
  2047 | D:3      | Noticed Grinder
  2169 | D:3      | Reached XP level 4. HP: 18/25 MP: 8/12
  2534 | D:3      | Noticed Jessica
  2592 | D:4      | Noticed Edmund
  2709 | D:4      | Noticed Duvessa
  2712 | D:4      | Noticed Dowan
  2825 | D:4      | Noticed Blork the orc
  2851 | D:4      | Killed from afar by Blork the orc

Levels and vault maps discovered:
D:1:      eino_arrival_druids_welcome, layout_loops_corners, due_unseen_surprise
D:2:      layout_loops_ring, minmay_parallelograms
D:3:      layout_loops_ring, yredelemnul_altar_generic, lemuel_round_altar,
          first_ration, uniq_jessica, uniq_grinder
D:4:      layout_basic, serial_shops, kennysheep_mini, uniq_duvessa,
          uniq_edmund, uniq_sigmund, uniq_blork_the_orc

Skill      XL: |  1  2  3 |
---------------+----------+-----
Stealth        | 3 |  3.8
Dodging        | 3 |  3.6
Fighting       | 1 |  1.6
Conjurations   | 2 |  2.0
Short Blades   | |  0.6
Spellcasting   | |  4.4
Summonings     | |  1.1
Translocations | |  1.1

Action                   |  1- 3 |  4- 6 || total
-------------------------+-------+-------++-------
Melee: Unarmed           |     6 |       ||     6
       Club              |     6 |       ||     6
       Dagger            |     1 |    16 ||    17
 Cast: Magic Dart        |   108 |    14 ||   122
       Call Imp          |     7 |    17 ||    24
  Use: Scroll            |     3 |     3 ||     6
       Potion            |     1 |       ||     1
 Stab: Sleeping          |     2 |     1 ||     3
  Eat: Chunk             |     4 |     2 ||     6
Armor: Robe              |     4 |     2 ||     6
Dodge: Dodged            |    42 |    13 ||    55
